 Dungeon Crawl Stone Soup version 0.31.0-9-g3a7656b989 (webtiles) character file.

Game seed: 16022377856860629249

3208 qw the Skirmisher (level 9, -5/45 HPs)
             Began as a Spriggan Hunter on Feb 2, 2024.
             Slain by Erica
             ... wielding a +4 scimitar of flaming
              (9 damage)
             ... on level 9 of the Dungeon.
             The game lasted 00:00:24 (5866 turns).

qw the Skirmisher (Spriggan Hunter)                 Turns: 5866, Time: 00:00:24

Health: -5/45      AC:  8    Str:  7    XL:     9   Next: 65%
Magic:  0/10       EV: 22    Int: 11    God:
Gold:   554        SH:  0    Dex: 22    Spells: 8/8 levels left

rFire   . . .        j - +0 arbalest (heavy)
rCold   . . .        (shield currently unavailable)
rNeg    . . .        e - +0 troll leather armour {Pargi}
rPois   +            a - +1 hat
rElec   .            (no cloak)
rCorr   .            (gloves unavailable)
SInv    +            (boots unavailable)
Will    +....        d - amulet of guardian spirit
Stlth   ++           c - ring of poison resistance
HPRegen 1.07/turn    f - +4 ring of protection
MPRegen 0.12/turn

%: guardian spirit
@: lethally poisoned (-5 -> -11), hasted, constricted, very quick
A: very small, no large weapons, unfitting armour, see invisible, speed 3
a: no special abilities


You were on level 9 of the Dungeon.
You visited 2 branches of the dungeon, and saw 10 of its levels.
You also visited: Sewer.

You collected 554 gold pieces.


Innate Abilities, Weirdness & Mutations

You are very small and have problems with some larger weapons.
You are too small for most types of armour.
You have supernaturally acute eyesight. (SInv)
You cover ground extremely quickly. (Speed+++)


   Skills:
 - Level 4.1 Fighting
 - Level 11.0 Ranged Weapons
 + Level 10.5 Dodging
 - Level 1.5 Stealth


You had 8 spell levels left.
You didn't know any spells.
Your spell library was empty.

Inventory:

Hand Weapons
 j - a +0 heavy arbalest (weapon)
Armour
 a - a +1 hat (worn)
 e - a +0 troll leather armour (worn) {Pargi}
Jewellery
 c - a ring of poison resistance (left hand)
 d - an amulet of guardian spirit (around neck)
 f - a +4 ring of protection (right hand)
 n - a ring of willpower
 Y - a ring of protection from cold
Wands
 h - a wand of polymorph (17)
 o - a wand of roots (10)
 q - a wand of paralysis (1)
Scrolls
 r - a scroll of teleportation
Potions
 b - 6 potions of mutation
 g - a potion of might
 i - a potion of heal wounds
 k - a potion of resistance
 l - 3 potions of curing
 m - a potion of cancellation

Dungeon Overview and Level Annotations

Branches:
Dungeon (9/15)             Temple (1/1) D:5           Sewer (visited)
   Lair: D:8-11         Orc: D:9-12

Altars:
Ashenzari
Dithmenos
Elyvilon
Fedhas
Hepliaklqana
Kikubaaqudgha
Qazlal
Ru
Sif Muna
Trog
Uskayaw
Vehumet
Wu Jian
Xom
Yredelemnul
Zin
The Shining One

Shops:
D:1 (   D:3 (

Portals:
Bailey: D:7

Annotations:
D:9 Erica


Message History

Found two stone staircases leading up.
There is a stone staircase leading up here.
Erica is nearby!
Waypoint 10 assigned to D:9.
5858 ||| DRINKING potion of haste.
You feel yourself speed up.
You shoot a bolt. The bolt completely misses Erica.
Erica shouts!
You shoot a bolt. The bolt hits Erica!!
Erica is moderately wounded.
You shoot a bolt. The bolt closely misses Erica.
Erica completely misses you. Erica grabs you. Erica constricts you.
Erica misses you. Erica constricts you.
You shoot a bolt. The bolt hits Erica!!
Erica is almost dead.
You hear a screech!
Erica closely misses you. Erica constricts you.
A rust devil comes into view.
You shoot a bolt. The bolt closely misses Erica.
Erica casts a spell at you. The bolt of poison misses you.
Erica constricts you.
Erica hits you with a +4 scimitar of flaming!
Erica burns you. Erica constricts you.
You shoot a bolt. The bolt hits Erica.
Erica is almost dead.
Erica barely misses you. Erica constricts you.
You shoot a bolt. The bolt closely misses Erica.
Erica stares at you and mumbles some strange words.
The bolt of poison hits you.
You are poisoned.
You resist. Erica constricts you.
A rust devil comes into view.
You shoot a bolt. The rust devil screeches!
The bolt hits Erica.
Erica is almost dead.
You feel very sick.
Erica hits you with a +4 scimitar of flaming!!
Erica burns you!
You die...
Erica begins burbling mirthfully and uncontrollably.

...............
..............4
...............
...............
..........4....
...............
.......x.......
......<@<......
###############


You could see Erica and 2 rust devils.

Vanquished Creatures
  Joseph (D:7)
  5 yaks (D:6)
  3 water moccasins
  Pargi (Sewer)
  2 orc warriors (D:6)
  An ice beast (D:6)
  A black bear (D:6)
  A centaur (D:6)
  A phantom (D:5)
  A kobold brigand (D:7)
  3 bullfrogs
  2 scorpions (D:4)
  3 wights (D:7)
  2 howler monkeys (D:8)
  3 hounds
  2 jellies
  3 orc priests
  A sleepcap (D:8)
  An iguana (D:5)
  2 orc wizards
  7 adders
  4 gnolls (D:4)
  2 white imps
  3 ribbon worms (D:3)
  29 orcs
  9 endoplasms
  3 giant cockroaches
  6 goblins
  9 hobgoblins
  3 jackals (Sewer)
  7 quokkas
  6 ball pythons
  3 bats
  4 frilled lizards
  13 kobolds
  14 rats
161 creatures vanquished.

Notes
Turn   | Place    | Note
-------+----------+-------------------------------------------
     0 | D:1      | qw the Spriggan Hunter began the quest for the Orb.
     0 | D:1      | Reached XP level 1. HP: 10/10 MP: 2/2
     0 | D:1      | 0 ||| qw: Version: 0.3-a-155-g5e7d8dd
     0 | D:1      | 0 ||| qw: Game counter: 864
     0 | D:1      | 0 ||| qw: Melee chars always use a shield: true
     0 | D:1      | 0 ||| qw: God list: Okawaru
     0 | D:1      | 0 ||| qw: Allow faded altars: false
     0 | D:1      | 0 ||| qw: Do Orc after clearing Dungeon:15 true
     0 | D:1      | 0 ||| qw: Do second Lair branch before Depths: true
     0 | D:1      | 0 ||| qw: Lair rune preference: random
     0 | D:1      | 0 ||| qw: Goals: Normal
     0 | D:1      | 0 ||| PLANNING D:1-11
    19 | D:1      | Reached skill level 3 in Dodging
   213 | D:1      | Reached XP level 2. HP: 14/14 MP: 3/3
   444 | D:1      | Found Ruloew's Antique Weapon Shop.
   658 | D:1      | 658 ||| UPGRADING to +4 ring of protection.
   659 | D:1      | 659 ||| UPGRADING to ring of willpower.
   660 | D:1      | 660 ||| READING scroll labelled FIZUTHIKUT.
   661 | D:1      | 661 ||| READING scroll labelled REFIHEISENE.
   661 | D:1      | 661 ||| BRANDING +0 shortbow.
   662 | D:1      | 662 ||| DROPPING scroll of butterflies.
   730 | D:2      | Reached XP level 3. HP: 18/18 MP: 4/4
   882 | D:2      | 882 ||| SWAPPING to +0 arbalest.
   884 | D:2      | 884 ||| DROPPING +0 heavy shortbow.
  1105 | D:2      | Found a basalt altar of Yredelemnul.
  1259 | D:2      | Reached skill level 5 in Ranged Weapons
  1490 | D:2      | 1490 ||| UPGRADING to +1 hat.
  1495 | D:2      | 1495 ||| DROPPING ring of wizardry.
  1496 | D:2      | 1496 ||| READING 2 scrolls labelled FIKECV HAYNEF.
  1496 | D:2      | 1496 ||| IDENTIFYING emerald potion
  1497 | D:2      | 1497 ||| READING scroll of identify.
  1497 | D:2      | 1497 ||| IDENTIFYING murky purple potion
  1498 | D:2      | 1498 ||| READING scroll labelled JENECE YLASTEE.
  1499 | D:2      | 1499 ||| DRINKING 2 coppery potions.
  1500 | D:2      | 1500 ||| DROPPING potion of berserk rage.
  1501 | D:2      | 1501 ||| DROPPING potion of brilliance.
  1538 | D:3      | 1538 ||| PLANNING SEWER
  1552 | D:3      | Found a sacrificial altar of Ru.
  1585 | D:3      | Found Nakilaon's Antique Weapon Boutique.
  1696 | D:3      | 1696 ||| READING scroll of brand weapon.
  1696 | D:3      | 1696 ||| BRANDING +0 arbalest.
  1721 | D:3      | Reached XP level 4. HP: 22/22 MP: 5/5
  1726 | D:3      | Found a radiant altar of Vehumet.
  1794 | D:3      | Found a glowing drain.
  1795 | D:3      | 1795 ||| READING scroll of identify.
  1795 | D:3      | 1795 ||| IDENTIFYING bubbling puce potion
  1796 | D:3      | 1796 ||| READING scroll labelled MUUWEB DEMOM.
  1797 | D:3      | 1797 ||| DRINKING 2 clear potions.
  1798 | D:3      | 1798 ||| DRINKING 4 purple potions.
  1799 | D:3      | 1799 ||| DROPPING potion of degeneration.
  1801 | D:3      | 1801 ||| Stepping ~*~*~tactically~*~*~ (cloud).
  1891 | Sewer    | Entered a sewer
  1932 | Sewer    | Noticed Pargi
  1936 | Sewer    | Killed Pargi
  1937 | Sewer    | Reached skill level 3 in Fighting
  1937 | Sewer    | Reached XP level 5. HP: 19/28 MP: 6/6
  2035 | Sewer    | 2035 ||| UPGRADING to +0 troll leather armour {Pargi}.
  2045 | Sewer    | 2045 ||| DROPPING +0 robe.
  2046 | Sewer    | 2046 ||| READING scroll of identify.
  2046 | Sewer    | 2046 ||| IDENTIFYING black potion
  2047 | Sewer    | 2047 ||| READING scroll labelled UQUXKA KEUFERGH.
  2064 | D:3      | 2064 ||| PLANNING D:1-11
  2129 | D:3      | Found a faded altar of an unknown god.
  2444 | D:3      | 2444 ||| READING scroll of identify.
  2444 | D:3      | 2444 ||| IDENTIFYING viscous golden potion
  2445 | D:3      | 2445 ||| READING scroll labelled VAOZAC FO OWNO.
  2555 | D:4      | Reached XP level 6. HP: 32/32 MP: 7/7
  2572 | D:4      | Reached skill level 6 in Ranged Weapons
  2695 | D:4      | Reached skill level 6 in Dodging
  3041 | D:4      | 3041 ||| READING scroll labelled GAEQ SA QIC.
  3067 | D:5      | Entered Level 5 of the Dungeon
  3088 | D:5      | Reached XP level 7. HP: 36/36 MP: 8/8
  3186 | D:5      | Reached skill level 7 in Ranged Weapons
  3500 | D:5      | Found a staircase to the Ecumenical Temple.
  3501 | D:5      | 3501 ||| PLANNING TEMPLE
  3501 | D:5      | 3501 ||| UPGRADING to ring of poison resistance.
  3503 | D:5      | 3503 ||| UPGRADING to ring of protection from cold.
  3505 | D:5      | 3505 ||| UPGRADING to +4 ring of protection.
  3512 | Temple   | Entered the Ecumenical Temple
  3513 | Temple   | 3513 ||| PLANNING D:1-11
  3720 | D:6      | Reached skill level 8 in Ranged Weapons
  3798 | D:6      | Found a shimmering blue altar of Sif Muna.
  3798 | D:6      | Noticed a yak
  3799 | D:6      | 3799 ||| ZAPPING wand of paralysis (3) at 7,1 (yak; floor).
  3801 | D:6      | Killed a yak
  3801 | D:6      | Noticed a yak
  3802 | D:6      | Reached XP level 8. HP: 40/40 MP: 9/9
  3804 | D:6      | 3804 ||| RETREEEEATING.
  3805 | D:6      | 3805 ||| RETREEEEATING.
  3807 | D:6      | 3807 ||| RETREEEEATING.
  3808 | D:6      | 3808 ||| FLEEEEING.
  3809 | D:6      | 3809 ||| RETREEEEATING.
  3810 | D:6      | 3810 ||| RETREEEEATING.
  3811 | D:6      | 3811 ||| RETREEEEATING.
  3815 | D:6      | Reached skill level 9 in Ranged Weapons
  3822 | D:6      | Reached skill level 9 in Dodging
  3835 | D:6      | Found a shimmering altar of Xom.
  3948 | D:6      | Reached skill level 10 in Ranged Weapons
  3948 | D:6      | Reached XP level 9. HP: 44/44 MP: 10/10
  4035 | D:6      | Found a hide-covered altar of Uskayaw.
  4323 | D:6      | 4323 ||| READING 2 scrolls of identify.
  4323 | D:6      | 4323 ||| IDENTIFYING murky red potion
  4324 | D:6      | 4324 ||| READING scroll of identify.
  4324 | D:6      | 4324 ||| IDENTIFYING fizzy green potion
  4325 | D:6      | 4325 ||| READING scroll labelled ENOLUVOUCS.
  4426 | D:6      | 4426 ||| READING scroll labelled LYTI LENAKHUQA.
  4527 | D:6      | 4527 ||| DROPPING potion of invisibility.
  4591 | D:7      | Found a flagged portal.
  4885 | D:7      | Noticed Joseph
  4886 | D:7      | 4886 ||| ZAPPING wand of paralysis (2) at 3,6 (Joseph;
                  | floor).
  4887 | D:7      | 4887 ||| ZAPPING wand of acid (5) at 2,5 (Joseph; floor).
  4888 | D:7      | 4888 ||| ZAPPING wand of acid (4) at 2,5 (Joseph; floor).
  4889 | D:7      | 4889 ||| ZAPPING wand of acid (3) at 2,5 (Joseph; floor).
  4890 | D:7      | 4890 ||| ZAPPING wand of acid (2) at 2,5 (Joseph; floor).
  4891 | D:7      | 4891 ||| ZAPPING wand of acid (1) at 2,5 (Joseph; floor).
  4892 | D:7      | 4892 ||| FLEEEEING.
  4896 | D:7      | Killed Joseph
  4951 | D:7      | Reached skill level 11 in Ranged Weapons
  4973 | D:7      | Found a bloodstained altar of Trog.
  4978 | D:7      | Found a basalt altar of Yredelemnul.
  5162 | D:7      | 5162 ||| READING scroll of identify.
  5162 | D:7      | 5162 ||| IDENTIFYING yellow potion
  5163 | D:7      | 5163 ||| READING scroll labelled GOITAM GEBBUHUXT.
  5388 | D:8      | Found an ornate altar of the Wu Jian Council.
  5580 | D:8      | Found a shadowy altar of Dithmenos.
  5825 | D:8      | 5825 ||| UPGRADING to amulet of guardian spirit.
  5830 | D:8      | 5830 ||| READING scroll of identify.
  5830 | D:8      | 5830 ||| IDENTIFYING scroll labelled VAHAJO JIMULU
  5831 | D:8      | 5831 ||| DROPPING scroll of torment.
  5857 | D:9      | Noticed Erica
  5858 | D:9      | 5858 ||| DRINKING potion of haste.
  5862 | D:9      | Noticed a rust devil
  5865 | D:9      | Noticed a rust devil
  5866 | D:9      | HP: 4/45 [Erica/+4 scimitar of flaming (15)]
  5866 | D:9      | Slain by Erica

Levels and vault maps discovered:
D:1:      lightli_arrival_maybe_door_vault, layout_loops_cross, serial_shops,
          shop, minmay_indecisive_spiral
D:2:      layout_basic, basic_altar, hangedman_decor_slide_cut
D:3:      layout_loops_ring, nicolae_ru_path_of_blood,
          mainiacjoe_overflow_tiny_flanked, cheibrodos_sewer_entry_bend,
          shapermc_ecumenical_altar_pompeii, serial_shops, shop
D:4:      layout_loops_cross
D:5:      layout_loops_ring, minmay_temple_entry_nine_rooms
D:6:      layout_loops_cross, nicolae_uskayaw_suspiria, old_standard_altar,
          mainiacjoe_overflow_paths, nicolae_figureground_pulse
D:7:      layout_basic, minitemple, enter_bailey_2, uniq_joseph
D:8:      layout_cave_pods, lemuel_crystal_altar, nicolae_wu_jian_wuxing_cycle
D:9:      layout_big_octagon, grunt_temple_overflow_opulence,
          mainiacjoe_overflow_alcove_1, okawaru_trees_1,
          ebering_ghost_inner_flame, serial_demonic, serial_demonic_f,
          serial_demonic_f, serial_demonic_c, serial_demonic_c,
          serial_demonic_b, serial_demonic_e, serial_shops,
          nicolae_shop_peninsula, nicolae_take_the_stairs, shop, uniq_erica
Temple:   hellmonk_temple_forest_ring

Skill      XL: |  1  2  3  4  5  6  7  8  9 |
---------------+----------------------------+-----
Dodging        | 3 4 5 6 7 9 10 | 10.5
Ranged Weapons | 5 6 8 10 11 | 11.0
Fighting       | 3 4 |  4.1
Stealth        | |  1.5

Action                     |  1- 3 |  4- 6 |  7- 9 || total
---------------------------+-------+-------+-------++-------
   Fire: Shortbow          |    85 |       |       ||    85
         Arbalest          |    39 |    87 |   139 ||   265
  Evoke: Wand              |       |       |     7 ||     7
    Use: Scroll            |     6 |     7 |     7 ||    20
         Potion            |     1 |     2 |     1 ||     4
 Armour: Robe              |    14 |    15 |       ||    29
         Troll leather arm |       |    13 |    29 ||    42
  Dodge: Dodged            |    28 |    71 |    74 ||   173

Table legend:
 A = Non-vault XP
 B = Vault XP
 C = Vault XP percentage of total XP
 D = Non-vault monster count
 E = Vault monster count
 F = Vault count percentage of total count
                 A         B        C        D         E       F
            +---------+---------+-------+---------+---------+-------
      Total |    3966 |     617 |  13.5 |     149 |      12 |   7.5
            +---------+---------+-------+---------+---------+-------
        D:1 |      33 |       5 |  13.2 |      22 |       4 |  15.4
        D:2 |      50 |       0 |   0.0 |      23 |       0 |   0.0
        D:3 |      66 |       9 |  12.0 |      17 |       2 |  10.5
        D:4 |     351 |       0 |   0.0 |      20 |       0 |   0.0
        D:5 |     340 |       0 |   0.0 |      18 |       0 |   0.0
        D:6 |    2269 |       0 |   0.0 |      30 |       0 |   0.0
        D:7 |     699 |     450 |  39.2 |      15 |       1 |   6.2
        D:8 |     158 |       0 |   0.0 |       4 |       0 |   0.0
      Sewer |       0 |     153 | 100.0 |       0 |       5 | 100.0
            +---------+---------+-------+---------+---------+-------
